 Dungeon Crawl Stone Soup version 0.17-a0-670-g5d95ebd (webtiles) character file.

21 BluebellGnoll the Sneak (level 2, 1/13 HPs)
             Began as a Spriggan Enchanter on Apr 18, 2015.
             Quit the game on level 2 of the Dungeon.
             The game lasted 00:02:27 (1102 turns).

BluebellGnoll the Sneak (Spriggan Enchanter)        Turns: 1102, Time: 00:02:28

Health: 1/13       AC:  3    Str:  4      XL:     2   Next: 62%
Magic:  4/6        EV: 18    Int: 14 (16) God:
Gold:   46         SH:  0    Dex: 16      Spells: 2 memorised, 3 levels left

rFire  . . .     SeeInvis +     a - +1 dagger
rCold  . . .     Clarity  .     b - +1 robe
rNeg   . . .     SustAb   .     (shield restricted)
rPois  .         Gourm    .     (helmet restricted)
rElec  .         Spirit   .     (no cloak)
rCorr  .         Warding  .     (gloves unavailable)
rMut   .         Stasis   .     (boots unavailable)
MR     .....                    (no amulet)
Stlth  ++++......               (no ring)
                                (no ring)

@: lethally poisoned (1 -> -16), very quick, not resistant to hostile
enchantments, stealthy
A: unfitting armour, see invisible, herbivore 3, speed 3, slow metabolism 2
a: no special abilities


You were on level 2 of the Dungeon.
You were not hungry.

You visited 1 branch of the dungeon, and saw 2 of its levels.

You collected 46 gold pieces.

Inventory:

Hand weapons
 a - a +1 dagger (weapon)
Armour
 b - a +1 robe (worn)
Scrolls
 e - 3 scrolls of remove curse
 j - a scroll of immolation {unknown}
 k - a scroll of noise {unknown}
 l - a scroll of identify {unknown}
Books
 c - a book of Maledictions

   Spells                             Type                      Level
   a - Corona                         Hexes                        1
   b - Ensorcelled Hibernation        Hexes/Ice                    2
   c - Confuse                        Hexes                        3
   d - Tukima's Dance                 Hexes                        3
   e - Dazzling Spray                 Conjuration/Hexes            3
Comestibles
 d - a bread ration
 f - 3 fruits
 g - a royal jelly
 i - a slice of pizza


   Skills:
 - Level 1.1 Short Blades
 - Level 3.0 Dodging
 + Level 6.0 Stealth
 - Level 2.6 Spellcasting
 - Level 3.6 Hexes


You had 3 spell levels left.
You knew the following spells:

 Your Spells              Type           Power        Failure   Level  Hunger
a - Corona                Hex            ##.....      6%          1    #......
b - Ensorcelled Hibernat  Hex/Ice        #.....       21%         2    ###....


Dungeon Overview and Level Annotations

Branches:
Dungeon (2/15)

Altars:


Innate Abilities, Weirdness & Mutations

You are tiny and cannot use many weapons and most armour.
You have supernaturally acute eyesight.
You are a herbivore.
You cover ground extremely quickly.
You need consume almost no food.


Message History

The adder is heavily wounded.
The adder barely misses you.
Casting: Corona
Confirm with . or Enter, or press ? or * to list all spells.
Aiming: Ensorcelled Hibernation
Press: ? - help, Shift-Dir - straight line, f - adder
Aim: an adder (heavily wounded, chance 48%)
The adder resists with some effort.
You feel sick. The adder bites you.
You are more poisoned.
The adder poisons you! The adder bites you.
* * * LOW HITPOINT WARNING * * *
You are more poisoned.
The adder poisons you!
Drink which item? (? for menu, Esc to quit)
It was a potion of degeneration.
There was something very wrong with that liquid.
You feel dopey.
* * * LOW HITPOINT WARNING * * *
You feel sick. The adder completely misses you.
Are you sure you want to abandon this character and quit the game? (Confirm with "yes".)

....#.......#
....#.......#
....#.......######
....'.......'....#
....#.......####.#
....+.......'..#.#
.####.......##.#.#######
..
......................
## ##########.#@#######
#.#S# #.#.# #.#?# #.#.#
#.#.# #.#.. ..### ###


You could see an adder.

Vanquished Creatures
  4 hobgoblins (D:1)
  A quokka (D:2)
  2 bats (D:1)
  2 giant cockroaches (D:1)
  4 giant newts (D:1)
  4 goblins (D:1)
  5 rats
22 creatures vanquished.

Notes
Turn   | Place    | Note
--------------------------------------------------------------
     0 | D:1      | BluebellGnoll, the Spriggan Enchanter, began the quest for the Orb.
     0 | D:1      | Reached XP level 1. HP: 9/9 MP: 5/5
   460 | D:1      | Reached skill level 5 in Stealth
   550 | D:1      | Reached XP level 2. HP: 13/13 MP: 6/6
   555 | D:1      | Learned a level 2 spell: Ensorcelled Hibernation
   942 | D:1      | Reached skill level 6 in Stealth
  1102 | D:2      | Quit the game

Action                   || total
-------------------------++-------
Melee: Dagger            ||    70
 Cast: Corona            ||     4
       Ensorcelled Hiber ||     1
  Use: Scroll            ||     1
       Potion            ||     1
 Stab: Sleeping          ||     7
